AoeStats
← pancomido3

Arena

510284367Analyzed
2v2 RM · 14h ago on Sep 30, 2026· 48m 30s· 4 players
Game mode
Random Map
Map size
Medium (4 player)
Population
200
Speed
Normal
Resources
Standard
Victory
Conquest
Starting age
Dark Age
Ending age
Imperial Age
RankedLock teamsTeams togetherTeam positionsShared explorationLock speedFull tech treeHidden civsTurbo modeCheats
Victory
Defeat
🇦🇷 Gurjaras · Argentina
1312
+16
🇦🇷 Bengalis · Argentina
1307
+16
🇺🇸 Tupi · United States
1351
-17
1283
-15
YDRL
2:00 Loom
14:25 Feudal Age
15:53 Double-Bit Axe
16:29 Town Watch
20:20 Castle Age
18:37 Gold Mining
18:39 Stone Mining
18:31 Horse Collar
20:05 Gold Mining
21:23 Wheelbarrow
21:51 Bow Saw
21:42 Heavy Plow
22:25 Gold Shaft Mining
23:23 Hand Cart
30:12 Fletching
31:39 Ballistics
32:33 Kshatriyas
33:09 Fortified Wall
35:30 Stone Shaft Mining
36:24 Masonry
35:55 Treadmill Crane
36:39 Thumb Ring
38:29 Fletching
38:40 Padded Archer Armor
39:17 Light Cavalry
40:48 Scale Barding Armor
41:02 Bloodlines
40:53 Husbandry
43:28 Imperial Age
41:19 Bodkin Arrow
41:39 Forging
42:28 Fervor
42:39 Sanctity
43:33 Heavy Camel Rider
45:35 Chemistry
44:09 Siege Elephant
45:59 Caravan
47:26 Chain Barding Armor
47:42 Iron Casting
47:08 Bracer
47:59 Architecture
49:17 Conscription
49:12 Kshatriyas
Alastan
11:34 Feudal Age
15:17 Castle Age
13:34 Double-Bit Axe
13:30 Horse Collar
16:51 Wheelbarrow
17:05 Bow Saw
18:38 Loom
20:37 Heavy Plow
21:59 Fletching
26:15 Town Watch
26:55 Hand Cart
27:44 Gold Mining
28:07 Bodkin Arrow
29:12 Ballistics
31:56 Imperial Age
30:19 Padded Archer Armor
30:30 Paiks
30:41 Fortified Wall
32:00 Elite Elephant Archer
32:41 Bracer
33:42 Chemistry
32:51 Siege Engineers
35:40 Gold Shaft Mining
34:56 Stone Mining
35:02 Siege Elephant
36:22 Mahayana
38:10 Leather Archer Armor
38:09 Masonry
37:57 Murder Holes
38:24 Conscription
38:10 Husbandry
38:57 Light Cavalry
39:48 Bloodlines
39:44 Scale Barding Armor
39:50 Forging
40:27 Crop Rotation
40:58 Two-Man Saw
40:52 Ring Archer Armor
40:57 Chain Barding Armor
41:13 Pikeman
41:53 Squires
41:54 Scale Mail Armor
41:52 Halberdier
44:46 Plate Barding Armor
44:47 Iron Casting
44:42 Chain Mail Armor
45:02 Arson
48:29 Blast Furnace
47:16 Gambesons
46:52 Man-at-Arms
pancomido3
11:21 Feudal Age
15:01 Castle Age
13:18 Double-Bit Axe
14:37 Champi Runner
15:11 Horse Collar
17:20 Fletching
21:57 Bodkin Arrow
22:36 Padded Archer Armor
26:24 Gold Mining
27:28 Wheelbarrow
27:10 Bow Saw
27:00 Heavy Plow
30:41 Leather Archer Armor
34:49 Imperial Age
33:38 Gold Shaft Mining
32:49 Crossbowman
35:23 Ballistics
34:55 Arbalester
35:25 Town Watch
37:14 Chemistry
36:34 Elite Skirmisher
38:50 Bracer
44:03 Ring Archer Armor
[TLGA] - La Tigresa del Oriente
10:01 Feudal Age
9:24 Loom
13:44 Castle Age
12:08 Double-Bit Axe
15:19 Light Cavalry
25:09 Horse Collar
26:59 Heavy Plow
27:41 Gold Mining
29:01 Wheelbarrow
28:47 Bloodlines
30:06 Scale Barding Armor
32:48 Imperial Age
30:47 Forging
31:10 Chain Barding Armor
33:37 Hand Cart
34:04 Iron Casting
33:02 Cavalier
33:45 Husbandry
34:23 Plate Barding Armor
33:53 Stone Mining
38:50 Blast Furnace
41:43 Fletching
42:11 Scale Mail Armor
41:34 Heavy Scorpion
42:23 Double Crossbow
42:47 Pikeman
43:43 Chain Mail Armor
44:15 Bow Saw
44:50 Bodkin Arrow
45:09 Halberdier
Connection lost

Rejoining the realm…

Still unreachable

The connection could not be restored.

Session expired

The server has moved on; the page needs a fresh start.